 Dungeon Crawl Stone Soup version 0.31.0-32-g396128a36d (webtiles) character file.

Game seed: 9213189679839409188

1559 monsoonserge the Ruffian (level 8, 0/91 HPs)
             Began as a Gnoll Shapeshifter on Mar 10, 2024.
             Was a Follower of Wu Jian.
             Killed by divine providence
             ... invoked by an orc priest
              (12 damage)
             ... on level 7 of the Dungeon.
             The game lasted 00:12:30 (5595 turns).

monsoonserge the Ruffian (Gnoll Shapeshifter)       Turns: 5595, Time: 00:12:32

Health: 0/91       AC: 24    Str: 15    XL:     8   Next: 89%
Magic:  13/13      EV:  2    Int:  9    God:    Wu Jian [*.....]
Gold:   243        SH:  0    Dex: 13    Spells: 14/14 levels left

rFire   . .          .
                       - Unarmed
rCold   . . .        (no shield)
rNeg    . . .        y - melded +0 chain mail
rPois   +            (helmet currently unavailable)
rElec   .            f - melded +0 cloak
rCorr   .            (gloves currently unavailable)
SInv    .            (boots currently unavailable)
Will    +....        (no amulet)
Stlth   ++           e - ring of willpower
HPRegen 0.35/turn    C - ring of flight
MPRegen 0.13/turn

%: no passive effects
@: tree-form
A: stationary, stasis, torment immunity, boosted hp, (fangs 1), strong nose,
distributed training
a: Renounce Religion


You were on level 7 of the Dungeon.
You worshipped Wu Jian.
Wu Jian was aware of your devotion.
You were a tree.
You visited 2 branches of the dungeon, and saw 8 of its levels.

You collected 243 gold pieces.

Inventory:

Missiles
 v - a throwing net
 z - 12 poisoned darts (quivered)
 E - 6 atropa-tipped darts
Armour
 a - a +0 animal skin
 f - a +0 cloak (melded)
 i - a +0 scale mail
 l - a +0 ring mail
 u - a +0 leather armour
 y - a +0 chain mail (melded)
Magical Staves
 s - a staff of alchemy
Jewellery
 e - a ring of willpower (left branch)
 C - a ring of flight (right branch)
Talismans
 c - a beast talisman (active)
 d - a flux talisman
 j - a blade talisman
Wands
 t - a wand of iceblast (5)
 A - a wand of charming (4)
Scrolls
 g - 4 scrolls of identify {unknown}
 m - 2 scrolls of torment {unknown}
 o - a scroll of blinking {unknown}
 r - a scroll of brand weapon {unknown}
 w - a scroll of fear {unknown}
 x - a scroll of revelation {unknown}
 B - a scroll of teleportation {unknown}
 D - a scroll of poison {unknown}
Potions
 b - 3 potions of lignification
 h - a potion of heal wounds {unknown}
 k - a potion of degeneration {unknown}
 n - 3 potions of curing {unknown}
 p - a potion of haste {unknown}
 q - a potion of brilliance {unknown}


   Skills:
 + Level 4.6 Fighting
 + Level 3.8 Short Blades
 + Level 3.8 Long Blades
 + Level 3.8 Axes
 + Level 3.8 Maces & Flails
 + Level 3.8 Polearms
 + Level 3.8 Staves
 + Level 3.8 Ranged Weapons
 + Level 3.8 Throwing
 + Level 3.8 Armour
 + Level 6.0 Dodging
 + Level 3.8 Stealth
 + Level 3.8 Shields
 + Level 7.6 Unarmed Combat
 + Level 3.8 Spellcasting
 + Level 3.1 Conjurations
 + Level 3.1 Hexes
 + Level 3.1 Summonings
 + Level 3.1 Necromancy
 + Level 3.1 Translocations
 + Level 3.1 Fire Magic
 + Level 3.1 Ice Magic
 + Level 3.1 Air Magic
 + Level 3.1 Earth Magic
 + Level 3.1 Alchemy
 + Level 4.2 Invocations
 + Level 3.8 Evocations
 + Level 7.4 Shapeshifting


You had 14 spell levels left.
You didn't know any spells.
Your spell library contained the following spells:

 Spells                   Type           Power      Damage    Failure   Level
 Magic Dart               Conj           28%        1d4       8%          1
 Blink                    Tloc           14%        N/A       12%         2
 Call Imp                 Summ           14%        N/A       12%         2
 Tukima's Dance           Hex            7%         N/A       22%         3
 Dimensional Bullseye     Hex/Tloc       3%         N/A       58%         4
 Iskenderun's Mystic Bla  Conj/Tloc      7%         2d4       58%         4


Dungeon Overview and Level Annotations

Branches:
Dungeon (7/15)             Temple (1/1) D:5

Altars:
Ashenzari
Dithmenos
Elyvilon
Fedhas
Gozag
Hepliaklqana
Kikubaaqudgha
Nemelex Xobeh
Okawaru
Qazlal
Ru
Sif Muna
Trog
Uskayaw
Vehumet
Wu Jian
Xom
Yredelemnul
Zin
The Shining One

Shops:
D:2 *[   D:6 :


Innate Abilities, Weirdness & Mutations

You are a tree.
Your roots penetrate the ground, keeping you stationary.
You cannot be teleported.
You are immune to unholy pain and torment.
Your maximum health is greatly increased.
Your equipment is partially melded.
((You have very sharp teeth.))
Your uncanny sense of smell can sniff out nearby items.
Your experience applies equally to all skills.


Message History

Your +0 cloak melds into your body.
Your +0 chain mail melds into your body.
Your roots penetrate the ground.
Something hits you but does no damage. The orc hits you but does no damage.
The orc priest hits you with a +0 falchion.
* * * LOW HITPOINT WARNING * * *
The orc priest mumbles some strange prayers to Beogh against you.
Beogh smites you!
* * * LOW HITPOINT WARNING * * *
You hit the orc priest.
The orc priest is heavily wounded.
The orc barely misses you. Something hits you but does no damage.
The orc priest hits you but does no damage.
The orc priest hits you with a +0 falchion.
* * * LOW HITPOINT WARNING * * *
Unknown command.
Unknown command.
You smack the orc priest!
You kill the orc priest!
The Council accepts your kill. Something hits you but does no damage.
The orc hits you but does no damage.
The orc priest calls upon Beogh to heal the orc.
Unknown command.
You smack the orc priest!
You punch the orc priest.
The orc priest is almost dead.
Something completely misses you. The orc hits you but does no damage.
You hit the orc priest.
You kill the orc priest!
The Council accepts your kill.
You closely miss the orc priest. The orc hits you but does no damage.
Something hits you but does no damage.
The orc priest hits you but does no damage.
You smack the orc priest!
The orc priest is severely wounded.
The orc hits you with a +0 war axe.
* * * LOW HITPOINT WARNING * * *
Something hits you but does no damage.
The orc priest mumbles some strange prayers to Beogh against you.
Beogh smites you!
You die...

###...# #.# #..#
......### #.# #..#
........###.###..#
.##..............#####
.##.<................#
....###.##.##.#..###.#
...(.......##.#..#
.##........##.#.)#
.##........##.##♣#
.###...........o.o...#
.#
#....................
..
##########...........
.# #.#..####### .
#.#..# # #..# #..#


You could see an orc priest and an orc.

Vanquished Creatures
  A water moccasin (D:6)
  An ogre (D:4)
  A black bear (D:6)
  2 phantoms
  2 scorpions (D:5)
  3 killer bees (D:7)
  4 howler monkeys
  3 bombardier beetles
  A jelly (D:3)
  4 orc priests (D:7)
  A sleepcap (D:6)
  2 iguanas
  2 orc wizards (D:6)
  14 gnolls
  7 adders
  A shadow imp (D:6)
  2 white imps (D:5)
  4 ufetubi
  5 dart slugs
  3 ribbon worms
  16 orcs
  2 bats
  12 endoplasms
  A giant cockroach (D:4)
  6 goblins
  10 hobgoblins
  4 jackals (D:2)
  8 kobolds
  4 quokkas
  A ball python (D:1)
  2 frilled lizards
  2 rats
131 creatures vanquished.

Notes
Turn   | Place    | Note
-------+----------+-------------------------------------------
     0 | D:1      | monsoonserge the Gnoll Shapeshifter began the quest for the
                  | Orb.
     0 | D:1      | Reached XP level 1. HP: 17/17 MP: 1/1
   225 | D:1      | Reached XP level 2. HP: 23/23 MP: 2/2
   474 | D:1      | Reached XP level 3. HP: 28/28 MP: 3/3
   850 | D:2      | Found a faded altar of an unknown god.
   902 | D:2      | Reached skill level 1 in Invocations
  1075 | D:2      | Found Zutuf's Antique Armour Emporium.
  1083 | D:2      | Found Jasawk's General Store.
  1093 | D:2      | Reached skill level 1 in Short Blades
  1093 | D:2      | Reached skill level 1 in Long Blades
  1093 | D:2      | Reached skill level 1 in Axes
  1093 | D:2      | Reached skill level 1 in Maces & Flails
  1093 | D:2      | Reached skill level 1 in Polearms
  1093 | D:2      | Reached skill level 1 in Staves
  1093 | D:2      | Reached skill level 1 in Ranged Weapons
  1093 | D:2      | Reached skill level 1 in Throwing
  1093 | D:2      | Reached skill level 1 in Armour
  1093 | D:2      | Reached skill level 1 in Stealth
  1093 | D:2      | Reached skill level 1 in Shields
  1093 | D:2      | Reached skill level 1 in Spellcasting
  1093 | D:2      | Reached skill level 1 in Evocations
  1313 | D:2      | Reached XP level 4. HP: 34/34 MP: 5/5
  1757 | D:3      | Reached skill level 1 in Conjurations
  1757 | D:3      | Reached skill level 1 in Hexes
  1757 | D:3      | Reached skill level 1 in Summonings
  1757 | D:3      | Reached skill level 1 in Necromancy
  1757 | D:3      | Reached skill level 1 in Translocations
  1757 | D:3      | Reached skill level 1 in Fire Magic
  1757 | D:3      | Reached skill level 1 in Ice Magic
  1757 | D:3      | Reached skill level 1 in Air Magic
  1757 | D:3      | Reached skill level 1 in Earth Magic
  1757 | D:3      | Reached skill level 1 in Alchemy
  1987 | D:3      | Reached XP level 5. HP: 40/40 MP: 7/7
  2482 | D:4      | Found a stormy altar of Qazlal.
  2489 | D:4      | Found a sparkling altar of Nemelex Xobeh.
  2720 | D:4      | Reached XP level 6. HP: 47/47 MP: 8/8
  2738 | D:4      | Reached skill level 5 in Dodging
  2857 | D:4      | Identified the +4 dagger of the Sneaky Visionaries {freeze,
                  | ^Fragile rF+ rCorr Str+2}
  2968 | D:5      | Entered Level 5 of the Dungeon
  3233 | D:5      | Found a staircase to the Ecumenical Temple.
  3250 | D:5      | Reached XP level 7. HP: 42/52 MP: 10/10
  3270 | Temple   | Entered the Ecumenical Temple
  3297 | Temple   | Became a worshipper of the Wu Jian Council
  3846 | D:5      | Found a bloodstained altar of Trog.
  3850 | D:5      | Found a shimmering blue altar of Sif Muna.
  4352 | D:6      | Reached XP level 8. HP: 37/60 MP: 12/12
  4876 | D:6      | Found Kunwuly's Book Emporium.
  5315 | D:7      | Found a basalt altar of Yredelemnul.
  5334 | D:7      | Reached * piety under Wu Jian
  5595 | D:7      | Killed from afar by an orc priest

Illustrated notes

Levels and vault maps discovered:
D:1:      ebering_hopf_link, layout_basic
D:2:      layout_loops_ring, nicolae_ecumenical_lake_church, serial_shops, shop,
          shop, chequers_serial_rivers_room_a
D:3:      layout_loops_ring, minmay_misc_feat_plants
D:4:      layout_gridville, nicolae_overflow_hidden_temple
D:5:      layout_basic, hellmonk_overflow_destroyed_library,
          minmay_temple_entry_mini_moons
D:6:      layout_loops_ring, serial_shops, shop
D:7:      layout_basic, yredelemnul_altar_generic, slow_altar_2,
          minmay_small_thing, uniq_maurice
Temple:   eino_wide_crystal_templ

Skill      XL: |  1  2  3  4  5  6  7  8 |
---------------+-------------------------+-----
Invocations    | 1 2 3 4 |  4.2
Short Blades   | 1 2 3 |  3.8
Long Blades    | 1 2 3 |  3.8
Axes           | 1 2 3 |  3.8
Maces & Flails | 1 2 3 |  3.8
Polearms       | 1 2 3 |  3.8
Staves         | 1 2 3 |  3.8
Ranged Weapons | 1 2 3 |  3.8
Throwing       | 1 2 3 |  3.8
Armour         | 1 2 3 |  3.8
Stealth        | 1 2 3 |  3.8
Shields        | 1 2 3 |  3.8
Spellcasting   | 1 2 3 |  3.8
Evocations     | 1 2 3 |  3.8
Conjurations   | 1 2 3 |  3.1
Hexes          | 1 2 3 |  3.1
Summonings     | 1 2 3 |  3.1
Necromancy     | 1 2 3 |  3.1
Translocations | 1 2 3 |  3.1
Fire Magic     | 1 2 3 |  3.1
Ice Magic      | 1 2 3 |  3.1
Air Magic      | 1 2 3 |  3.1
Earth Magic    | 1 2 3 |  3.1
Alchemy        | 1 2 3 |  3.1
Fighting       | 3 4 |  4.6
Dodging        | 5 6 |  6.0
Unarmed Combat | 7 |  7.6
Shapeshifting  | 7 |  7.4

Action                     |  1- 3 |  4- 6 |  7- 9 || total
---------------------------+-------+-------+-------++-------
  Melee: Unarmed           |    68 |   119 |   190 ||   377
         Bite              |     6 |    10 |    25 ||    41
         Punch             |     2 |     4 |     8 ||    14
  Throw: Dart              |       |       |    10 ||    10
         Boomerang         |       |       |     1 ||     1
Ability: Lunge             |       |       |    13 ||    13
         Whirlwind         |       |       |     1 ||     1
    Use: Potion            |       |       |     1 ||     1
   Stab: Sleeping          |     2 |       |       ||     2
         Distracted        |       |       |     1 ||     1
 Armour: Animal skin       |     9 |       |       ||     9
         Scale mail        |     5 |    29 |    61 ||    95
         Ring mail         |     2 |    33 |       ||    35
         Chain mail        |       |       |    69 ||    69
         Skin              |       |       |    14 ||    14
  Dodge: Dodged            |    35 |    54 |    81 ||   170
   Form: Beast             |       |     1 |     1 ||     2
         Flux              |       |     1 |     1 ||     2
